 Dungeon Crawl Stone Soup version 0.18-a0-1721-gc4d1f22 (webtiles) character file.

48 Lovchig the Shield-Bearer (level 3, 23/34 HPs)
             Began as a Deep Dwarf Fighter on Apr 8, 2016.
             Starved to death
             ... on level 1 of the Dungeon on Apr 9, 2016.
             The game lasted 00:29:06 (3248 turns).

Lovchig the Shield-Bearer (Deep Dwarf Fighter)      Turns: 3248, Time: 00:29:06

Health: 23/34      AC:  7    Str: 20    XL:     3   Next: 50%
Magic:  3/3        EV:  7    Int:  8    God:
Gold:   47         SH:  9    Dex: 12    Spells: 0 memorised, 2 levels left

rFire  . . .     SeeInvis .     a - +0 war axe
rCold  . . .     Gourm    .     b - +1 scale mail
rNeg   . . .     Faith    .     c - +0 shield
rPois  .         Spirit   .     (no helmet)
rElec  .         Dismiss  .     (no cloak)
rCorr  .         Reflect  .     (no gloves)
SustAt .         Harm     .     (no boots)
MR     .....                    (no amulet)
Stlth  ..........               (no ring)
                                (no ring)

@: fainting, non-regenerating, not resistant to hostile enchantments, extremely
unstealthy
A: damage resistance, recharge devices, sense surroundings 1, slow regeneration
3
a: Device Recharging


You were on level 1 of the Dungeon.
You were fainting.

You visited 1 branch of the dungeon, and saw 1 of its levels.

You collected 47 gold pieces.

Inventory:

Hand Weapons
 a - a +0 war axe (weapon)
 i - a cursed +0 dagger
 j - a +0 club
 m - a +0 club
 n - a +0 club
 o - a +0 dagger
 p - a +0 whip
 q - a +0 club
 r - a +0 club
Missiles
 h - 19 stones (quivered)
Armour
 b - a +1 scale mail (worn)
 c - a +0 shield (worn)
 f - a +0 leather armour
Wands
 e - a wand of heal wounds (5/9)
Scrolls
 l - a scroll of remove curse
Potions
 d - a potion of might
 g - a potion of berserk rage
 k - a potion of curing {unknown}


   Skills:
 * Level 3.1 Fighting
 * Level 2.5 Axes
 * Level 3.5 Armour
 * Level 0.2 Dodging
 + Level 0.3 Stealth
 - Level 4.0 Shields
 * Level 0.1 Spellcasting
 * Level 0.6 Evocations


You had 2 spell levels left.
You didn't know any spells.

Dungeon Overview and Level Annotations

Branches:
Dungeon (1/15)

Altars:


Innate Abilities, Weirdness & Mutations

You are resistant to damage.
You can recharge devices by infusing magical energy.
You passively map a small area around you.
You do not regenerate naturally.


Message History

There is something else lying underneath.
The floor.
m - a club;
n - a club;
o - a dagger;
p - a whip Adjust to which letter? (? for menu, Esc to quit)
Okay, then.
There is a stone staircase leading down here.
You see here a club.
q - a club You see here a club.
r - a club You lose consciousness!
You can move again.
You lose consciousness!
You can move again.
A bat comes into view.
The bat hits you but does no damage. The bat barely misses you.
You barely miss the bat. The bat barely misses you.
You have starved to death.
You die...

#...........)...#
#.(###≈..≈###...#
#.#...#≈≈#...#..#
#.#.⌠.#≈≈#.⌠.#..#
#.#...#≈≈#...#..#
#..###≈≈≈≈###...#
#....≈≈≈≈≈≈.....#
#....≈≈≈≈≈≈.....# #########
#.@###≈≈≈≈###...#
#.......####.#b..#≈≈#...#..#
####............#.⌠.#≈≈#.⌠.#..#
...#........###.#...#≈≈#...#..#
##.........## #..###≈..≈###...#
...........# #...............#
####.......####.########.##...#
#...#####.##.#### ##.....##
####...#♣♣♣#.......####..#####


You could see a bat.

Vanquished Creatures
  2 oozes (D:1)
  2 dart slugs (D:1)
  A giant gecko (D:1)
  2 giant cockroaches (D:1)
  3 goblins (D:1)
  5 hobgoblins (D:1)
  2 jackals (D:1)
  5 kobolds (D:1)
  3 bats (D:1)
  3 giant newts (D:1)
  5 rats (D:1)
33 creatures vanquished.

Notes
Turn   | Place    | Note
--------------------------------------------------------------
     0 | D:1      | Lovchig the Deep Dwarf Fighter began the quest for the Orb.
     0 | D:1      | Reached XP level 1. HP: 20/20 MP: 1/1
    84 | D:1      | Reached XP level 2. HP: 25/27 MP: 2/2
   908 | D:1      | Reached XP level 3. HP: 27/34 MP: 3/3
   911 | D:1      | Reached skill level 4 in Shields
  1739 | D:1      | Paralysed by fainting for 6 turns
  1761 | D:1      | Paralysed by fainting for 10 turns
  1780 | D:1      | Paralysed by fainting for 10 turns
  2971 | D:1      | Upgraded the game from 0.18-a0-1718-g40ea4b6 to 0.18-a0-1721-gc4d1f22
  3115 | D:1      | Paralysed by fainting for 12 turns
  3219 | D:1      | Paralysed by fainting for 6 turns
  3229 | D:1      | Paralysed by fainting for 5 turns
  3248 | D:1      | Starved to death

Vault maps used:
D:1:      erik_arrival_gehennom, fountainhead, kennysheep_nondescript,
          nrook_mini_vaults, item_on_display_a

Skill      XL: |  1  2  3 |
---------------+----------+-----
Fighting       | 3 |  3.1
Shields        | 4 |  4.0
Axes           | |  2.5
Armour         | |  3.5
Dodging        | |  0.2
Stealth        | |  0.3
Spellcasting   | |  0.1
Evocations     | |  0.6

Action                   || total
-------------------------++-------
Melee: War axe           ||    83
Throw: Stone             ||     3
  Use: Scroll            ||     3
       Potion            ||     1
  Eat: Bread ration      ||     1
